 Dungeon Crawl Stone Soup version 0.28-a0-643-g84cb2ea78e (webtiles) character file.

Game seed: 2929579083939876874

97 Zeldest the Ruffian (level 4, -1/40 HPs)
             Began as a Ghoul Monk on Oct 10, 2021.
             Slain by Ijyb (2 damage)
             ... on level 3 of the Dungeon.
             The game lasted 00:03:24 (2086 turns).

Zeldest the Ruffian (Ghoul Monk)                    Turns: 2086, Time: 00:03:24

Health: -1/40      AC:  5    Str: 15    XL:     4   Next: 68%
Magic:  3/3        EV: 11    Int:  5    God:
Gold:   158        SH:  0    Dex: 11    Spells: 3/3 levels left

rFire   . . .      SeeInvis .     - Unarmed
rCold   + . .      Faith    .   (no shield)
rNeg    + + +      Spirit   .   f - +0 ring mail
rPois   ∞          Reflect  .   (no helmet)
rElec   .          Harm     .   (no cloak)
rCorr   .          Rampage  .   (no gloves)
Will    .....                   (no boots)
Stlth   +.........              (no amulet)
HPRegen 0.00/turn               (no ring)
MPRegen 0.08/turn               (no ring)

@: inhibited regen, invisible
A: claws 1, cold resistance 1, negative energy resistance 3, inhibited
regeneration, torment resistance 2
a: no special abilities


You were on level 3 of the Dungeon.
You visited 1 branch of the dungeon, and saw 3 of its levels.

You collected 158 gold pieces.

Inventory:

Armour
 f - a +0 ring mail (worn)
Scrolls
 a - 3 scrolls of identify {unknown}
 b - a scroll of amnesia {unknown}
 c - a scroll of enchant weapon {unknown}
 k - a scroll of blinking {unknown}
Potions
 d - a potion of invisibility
 e - a potion of ambrosia {unknown}
 g - a potion of brilliance {unknown}
 h - 2 potions of attraction {unknown}
 i - a potion of flight {unknown}
 j - a potion of heal wounds {unknown}
 l - a potion of might {unknown}


   Skills:
 + Level 4.0 Fighting
 + Level 3.3 Dodging
 - Level 2.1 Stealth
 * Level 4.7 Unarmed Combat


You had 3 spell levels left.
You didn't know any spells.
Your spell library contained the following spells:

 Spells                   Type           Power      Damage    Failure   Level
 Animate Skeleton         Necr           0%         N/A       71%         1
 Pain                     Necr           0%         1d4       71%         1
 Vampiric Draining        Necr           0%         2d6       97%         3


Dungeon Overview and Level Annotations

Branches:
Dungeon (3/15)

Altars:
Kikubaaqudgha

Annotations:
D:2 1 runed translucent door, Crazy Yiuf
D:3 1 transporter, Ijyb; MisterAzrael's ghost, amateur OpTm


Innate Abilities, Weirdness & Mutations

You thrive by killing the living.
You are immune to poison.
You have sharp fingernails.
Your flesh is cold resistant. (rC+)
You are immune to negative energy. (rN+++)
You do not regenerate when monsters are visible.
You are immune to unholy pain and torment.


Message History

Ijyb zaps a wand.
The puff of flame hits you.
Ijyb zaps a wand.
The puff of flame misses you.
Ijyb zaps a wand.
The puff of flame hits you.
Ijyb zaps a wand.
The puff of flame hits you!
You scratch Ijyb. You claw Ijyb, but do no damage.
Ijyb is lightly wounded.
Ijyb barely misses you.
You scratch Ijyb.
Ijyb is moderately wounded.
Ijyb barely misses you.
You scratch Ijyb.
Ijyb is heavily wounded.
Ijyb zaps a wand.
The puff of flame hits you!
You scratch Ijyb.
Ijyb is severely wounded.
Ijyb zaps a wand.
The puff of flame hits you!
* * * LOW HITPOINT WARNING * * *
You scratch Ijyb but do no damage.
Ijyb is severely wounded.
Ijyb misses you.
You closely miss Ijyb.
Ijyb is severely wounded.
You scratch Ijyb.
Ijyb is almost dead.
Ijyb hits you with a +1 dagger of draining.
* * * LOW HITPOINT WARNING * * *
You completely miss Ijyb.
Ijyb is almost dead.
Ijyb misses you.
You scratch Ijyb but do no damage.
Ijyb is almost dead.
Ijyb zaps a wand.
The puff of flame misses you.
You closely miss Ijyb.
Ijyb is almost dead.
Ijyb hits you with a +1 dagger of draining.
* * * LOW HITPOINT WARNING * * *
It was a potion of invisibility.
You fade into invisibility!
Ijyb hits you with a +1 dagger of draining.
You die...

#........<# #..
#.#....##.# #..
#....#>##.# #..
#######.#......# #..
#...........#.########..
#.....#.#.......#.......
#.......#.........).....
##.....###.....#.#.......
#.....og@...#..#.####....
#.#.#######.##.##.# #.#..
#.............#.# #.#..
#..$..o..............#
#.#..
..>......#########...##
#....
##......##oWg....##..#
####.
........#8o.#.#..8#..#
#...
##......#..#...#..#..#
#...
#......#$........#..#
#...


You could see Ijyb and an orc.

Vanquished Creatures
  3 adders
  2 worms
  A dart slug (D:1)
  2 orcs (D:3)
  2 bat skeletons (D:3)
  3 bat zombies (D:3)
  3 endoplasms
  2 giant cockroaches
  6 goblins
  4 hobgoblins (D:1)
  6 kobolds
  2 quokkas (D:1)
  6 ball pythons
  8 bats
  2 frilled lizards (D:2)
  8 rats
60 creatures vanquished.

Notes
Turn   | Place    | Note
-------+----------+-------------------------------------------
     0 | D:1      | Zeldest the Ghoul Monk began the quest for the Orb.
     0 | D:1      | Reached XP level 1. HP: 19/19 MP: 0/0
   171 | D:1      | Reached XP level 2. HP: 22/26 MP: 1/1
   237 | D:1      | You fall into a shaft and drop 1 floor!
   356 | D:1      | Reached XP level 3. HP: 25/31 MP: 2/2
   470 | D:1      | Found a faded altar of an unknown god.
  1375 | D:2      | Reached XP level 4. HP: 39/40 MP: 3/3
  1544 | D:2      | Found a runed translucent door.
  1545 | D:2      | Noticed Crazy Yiuf
  1988 | D:3      | Found an ancient bone altar of Kikubaaqudgha.
  2049 | D:3      | Noticed MisterAzrael's ghost (amateur OpTm)
  2050 | D:3      | Found a transporter.
  2061 | D:3      | Noticed Ijyb
  2085 | D:3      | HP: 1/40 [Ijyb (5)]
  2086 | D:3      | Slain by Ijyb

Illustrated notes

Levels and vault maps discovered:
D:1:      ncdulo_lavacross, layout_loops_ring,
          dreamdust_ecumenical_altar_angels_and_demons, kennysheep_small_spiral
D:2:      layout_loops_ring, minmay_tetromino_s4, uniq_crazy_yiuf_cottage
D:3:      layout_loops_cross, kennysheep_vampire_church, gammafunk_ghost_arena,
          uniq_ijyb

Skill      XL: |  1  2  3  4 |
---------------+-------------+-----
Dodging        | 3 |  3.3
Unarmed Combat | 4 |  4.7
Fighting       | 4 |  4.0
Stealth        | |  2.1

Action                   |  1- 3 |  4- 6 || total
-------------------------+-------+-------++-------
Melee: Unarmed           |   128 |    69 ||   197
       Punch             |     3 |     2 ||     5
  Use: Potion            |       |     1 ||     1
 Stab: Sleeping          |     3 |     2 ||     5
Armor: Leather armour    |    22 |       ||    22
       Ring mail         |    19 |    41 ||    60
Dodge: Dodged            |    74 |    68 ||   142

Table legend: (Time is in decaauts)
 A = Elapsed time spent in this place.
 B = Non-inter-level travel time spent in this place.
 C = Inter-level travel time spent in this place.
 D = Time resting spent in this place.
 E = Time spent auto-exploring this place.
 F = Levels seen in this place.
 G = Mean time per level.
                   A        B        C        D        E       F      G
               +--------+--------+--------+--------+--------+-----+--------+
         Total |   2071 |   1956 |    115 |     85 |   1363 |   3 |  690.3 |
       Dungeon |   2071 |   1956 |    115 |     85 |   1363 |   3 |  690.3 |
               +--------+--------+--------+--------+--------+-----+--------+

Top non-repeatable levels by time:
     D:1: 822 daAuts
     D:2: 776 daAuts
     D:3: 472 daAuts
